[Event "SR 2. liga A 2006/2007"]
[Site "?"]
[Date "2006.11.26"]
[Round "4.7"]
[White "Prikler, Bruno"]
[Black "Beles, Milan"]
[Result "0-1"]
[ECO "A34"]
[WhiteElo "2094"]
[BlackElo "1897"]
[PlyCount "122"]
[EventDate "2006.??.??"]
[TimeControl "240+2"]

{284MB, Fritz8.ctg, K48BB} 1. c4 c5 2. Nc3 Nf6 3. g3 d5 4. cxd5 Nxd5 5. Bg2 Nc7
6. d3 e5 7. f4 exf4 8. Bxf4 Ne6 9. Nh3 Be7 10. O-O O-O 11. e3 Nd7 12. Ne4 f5
13. Nd6 Nxf4 14. Nxf4 Bxd6 15. Ne6 Qe7 16. Nxf8 Nxf8 17. Bd5+ Be6 18. Qb3 g6
19. e4 Bxd5 20. Qxd5+ Qe6 21. Qxb7 Rb8 22. Qxa7 Rxb2 23. Qa3 Rd2 24. Qc3 Rxa2
25. Rae1 fxe4 26. Rxe4 Qd5 27. Qf6 Ra7 28. Qf3 Rf7 29. Qe2 Rxf1+ 30. Kxf1 Kf7
31. Qe3 Ne6 32. Kg1 Nd4 33. g4 Ne6 34. Qf3+ Ke7 35. Qe3 Bc7 36. Qe2 Ba5 37. Qe3
Bc3 38. Qf3 Bd4+ 39. Kg2 Qd6 40. h4 Qd5 41. Kh3 Qd6 42. Kg2 Qa6 43. Qe2 Be5 44.
Qf1 Qa2+ 45. Qf2 Qxf2+ 46. Kxf2 Kd6 47. Ra4 h6 48. Kf3 Kd5 49. Ra6 g5 50. h5
Nd4+ 51. Kf2 Nc6 52. Ke2 Bd6 53. Kd2 Ne5 54. Ra4 Nd7 55. Ra6 Nf6 56. Ra8 Nxg4
57. Rh8 Ke5 58. Kc3 Ke6 59. Rh7 Be5+ 60. Kc4 Bd4 61. Kb5 Kf5 0-1

[Event "SR 2. liga A 2006/2007"]
[Site "?"]
[Date "2006.11.26"]
[Round "4.8"]
[White "Srna, Jan"]
[Black "Kliman, Marek"]
[Result "1-0"]
[ECO "D05"]
[WhiteElo "2041"]
[BlackElo "1524"]
[PlyCount "37"]
[EventDate "2006.??.??"]
[TimeControl "240+2"]

{284MB, Fritz8.ctg, K48BB} 1. d4 d5 2. Nf3 e6 3. e3 Nf6 4. a3 Be7 5. b3 b6 6.
Bb2 Ba6 7. c4 c5 8. Bd3 Bb7 9. O-O Qc7 10. Nbd2 Nbd7 11. Rc1 Rc8 12. Re1 Ng4
13. h3 Nxf2 14. Kxf2 Bh4+ 15. Nxh4 dxc4 16. bxc4 g5 17. Nhf3 f5 18. d5 Rg8 19.
dxe6 1-0

[Event "SR 2. liga A 2006/2007"]
[Site "?"]
[Date "2007.01.13"]
[Round "7.1"]
[White "Tibensky, Robert"]
[Black "Tepper, Frantisek"]
[Result "1-0"]
[ECO "A31"]
[WhiteElo "2422"]
[BlackElo "2171"]
[Annotator "Karol,Pospichal"]
[PlyCount "57"]
[EventDate "2006.??.??"]
[TimeControl "240+2"]

{89MB, Fritz8.ctg, KAIKO} 1. d4 Nf6 2. c4 c5 3. Nf3 cxd4 4. Nxd4 e5 5. Nb5 d5
6. cxd5 Bc5 7. N5c3 O-O 8. h3 e4 9. g4 e3 10. Bxe3 Bxe3 11. fxe3 Qd6 12. Qd4
Qg3+ 13. Kd2 Rd8 14. Qf4 Qxf4 15. exf4 Nxd5 16. Nxd5 Rxd5+ 17. Ke1 Rb5 18. b3
Nc6 19. Nc3 Rc5 20. Ne4 Ra5 21. Bg2 Nb4 22. Kf2 Be6 23. Nd6 Rxa2 24. f5 Bxb3
25. Rab1 Nd3+ 26. Kg3 Nb2 27. Rhc1 a5 28. Nb5 Ba4 29. Bd5 1-0

[Event "SR 2. liga A 2006/2007"]
[Site "?"]
[Date "2007.01.13"]
[Round "7.2"]
[White "Biro, Karol"]
[Black "Maslik, Miroslav"]
[Result "1-0"]
[ECO "B22"]
[WhiteElo "2191"]
[BlackElo "2273"]
[Annotator "Karol,Pospichal"]
[PlyCount "123"]
[EventDate "2006.??.??"]
[TimeControl "240+2"]

{89MB, Fritz8.ctg, KAIKO} 1. e4 c5 2. c3 Nf6 3. e5 Nd5 4. d4 cxd4 5. Qxd4 e6 6.
Nf3 b6 7. Be2 Bb7 8. c4 Nb4 9. Na3 d6 10. exd6 Qxd6 11. Qxd6 Bxd6 12. Bd2 a6
13. O-O N8c6 14. Rfc1 O-O 15. Nb1 Ne7 16. a3 Nbc6 17. b4 Nf5 18. Nc3 Ncd4 19.
Nxd4 Nxd4 20. Bd1 Rad8 21. Be3 Bc7 22. Na4 f5 23. c5 b5 24. c6 Bc8 25. Nc5 Nxc6
26. Bg5 Be5 27. Rab1 Rd6 28. Nb3 h6 29. Be3 Nd4 30. Rc5 Bf6 31. Rbc1 Bb7 32.
Rc7 Nxb3 33. Bxb3 Be4 34. Bc5 Rfd8 35. Bxd6 Rxd6 36. f3 Bd3 37. R7c6 Rd8 38.
Rc8 Kf7 39. R1c7+ Kg6 40. Rxd8 Bxd8 41. Rc6 Bf6 42. Rxe6 f4 43. g3 Kf5 44. Rxa6
Ke5 45. Kg2 Kd4 46. Rc6 Bc4 47. Bxc4 bxc4 48. a4 c3 49. a5 Kd3 50. b5 c2 51. b6
Bd4 52. gxf4 Kd2 53. Kh3 c1=Q 54. Rxc1 Kxc1 55. Kg4 Kd2 56. h4 Kd3 57. h5 Ke3
58. b7 Ba7 59. a6 Bb8 60. Kf5 Kxf3 61. Ke6 Kxf4 62. Kd7 1-0

[Event "SR 2. liga A 2006/2007"]
[Site "?"]
[Date "2007.01.13"]
[Round "7.3"]
[White "Hartl, Jan"]
[Black "Fabry, Robert"]
[Result "1/2-1/2"]
[ECO "C47"]
[WhiteElo "2158"]
[BlackElo "2206"]
[Annotator "Karol,Pospichal"]
[PlyCount "100"]
[EventDate "2006.??.??"]
[TimeControl "240+2"]

{89MB, Fritz8.ctg, KAIKO} 1. e4 e5 2. Nf3 Nc6 3. d4 exd4 4. Nxd4 Nf6 5. Nc3 Bb4
6. Nxc6 bxc6 7. Bd3 d5 8. exd5 cxd5 9. O-O O-O 10. Ne2 Ng4 11. Bf4 Bd6 12. c3
Bxf4 13. Nxf4 Qd6 14. g3 Nf6 15. Re1 Rb8 16. b3 Qc5 17. Rc1 Bg4 18. Be2 Bxe2
19. Rxe2 Rbd8 20. Qd4 Qa5 21. b4 Qb5 22. Re7 Qa4 23. Rxc7 Qxa2 24. Rxa7 Qb3 25.
Re1 Rc8 26. Re3 Rc4 27. Qd2 Ng4 28. Re1 d4 29. cxd4 Rc2 30. Qd3 Qxb4 31. Qxc2
Qxe1+ 32. Kg2 Re8 33. h3 Nf6 34. Qc6 h6 35. Ra8 Rxa8 36. Qxa8+ Kh7 37. Qf3 Qc1
38. Qd3+ Kg8 39. d5 Nd7 40. Qf5 Qc7 41. h4 Qd6 42. h5 Nb6 43. Qe4 Kf8 44. Qf5
Ke7 45. g4 Qf6 46. Qe4+ Kd6 47. Kg3 Qc3+ 48. Kg2 Qd2 49. Nd3 Nxd5 50. Qd4 Qc3
1/2-1/2

[Event "SR 2. liga A 2006/2007"]
[Site "?"]
[Date "2007.01.13"]
[Round "7.4"]
[White "Janos, Jozef"]
[Black "Janos, Ivan"]
[Result "1/2-1/2"]
[ECO "E43"]
[WhiteElo "2235"]
[BlackElo "2138"]
[Annotator "Karol,Pospichal"]
[PlyCount "115"]
[EventDate "2006.??.??"]
[TimeControl "240+2"]

{89MB, Fritz8.ctg, KAIKO} 1. d4 Nf6 2. Nf3 e6 3. c4 b6 4. Nc3 Bb4 5. e3 Bb7 6.
Be2 O-O 7. O-O d5 8. a3 Be7 9. b3 Nbd7 10. Bb2 c5 11. Ne5 dxc4 12. Nxc4 Nd5 13.
Bf3 cxd4 14. exd4 N7f6 15. Re1 Rc8 16. Ne2 b5 17. Ne5 Qb6 18. Qd2 Rc7 19. Rec1
Rfc8 20. Rxc7 Rxc7 21. Rc1 h6 22. h3 Nd7 23. Rxc7 Qxc7 24. Nxd7 Qxd7 25. Qd3
Qc8 26. g3 a6 27. Bg2 Qf8 28. a4 Nb4 29. Qd1 Bxg2 30. Kxg2 Qa8+ 31. Kg1 bxa4
32. bxa4 Qf3 33. Nc3 Qxd1+ 34. Nxd1 Bf6 35. Ne3 Nc6 36. Nc2 Kf8 37. Kf1 Ke7 38.
Ke2 Kd6 39. Kd3 Kd7 40. Kc4 Ne7 41. Ne3 Kc6 42. Bc3 Nc8 43. Ba5 Nd6+ 44. Kd3 h5
45. Bb4 Nc8 46. Ba5 Be7 47. f4 g6 48. g4 Bd6 49. Ke4 f5+ 50. Kf3 Ne7 51. Bd2
Bc7 52. Ng2 hxg4+ 53. hxg4 Kd5 54. Bb4 Nc6 55. Bc5 fxg4+ 56. Kxg4 Bd8 57. Ne3+
Ke4 58. Nc4 1/2-1/2

[Event "SR 2. liga A 2006/2007"]
[Site "?"]
[Date "2007.01.13"]
[Round "7.5"]
[White "Michal, Silvio"]
[Black "Mikulas, Dusan"]
[Result "1/2-1/2"]
[ECO "D63"]
[WhiteElo "2116"]
[BlackElo "2167"]
[Annotator "Karol,Pospichal"]
[PlyCount "58"]
[EventDate "2006.??.??"]
[TimeControl "240+2"]

{89MB, Fritz8.ctg, KAIKO} 1. Nf3 d5 2. d4 Nf6 3. c4 e6 4. Bg5 Nbd7 5. e3 Be7 6.
Nc3 c6 7. a3 O-O 8. Rc1 a6 9. cxd5 exd5 10. Bd3 Ne4 11. Bxe7 Qxe7 12. O-O f5
13. Nd2 Rf6 14. Re1 Re6 15. Bb1 Ndf6 16. f3 Nd6 17. e4 fxe4 18. fxe4 Nb5 19.
Nxb5 axb5 20. e5 Ne8 21. Rc3 Rh6 22. Rf1 Be6 23. Qe1 Nc7 24. Rcf3 b4 25. axb4
Qxb4 26. Qf2 Nb5 27. Rf4 b6 28. Nf3 Qe7 29. Nh4 c5 1/2-1/2

[Event "SR 2. liga A 2006/2007"]
[Site "?"]
[Date "2007.01.13"]
[Round "7.6"]
[White "Kolman, Richard"]
[Black "Syrovy, Ivan"]
[Result "1-0"]
[ECO "A46"]
[WhiteElo "2110"]
[BlackElo "2091"]
[Annotator "Karol,Pospichal"]
[PlyCount "29"]
[EventDate "2006.??.??"]
[TimeControl "240+2"]

{89MB, Fritz8.ctg, KAIKO} 1. d4 d6 2. Nf3 Nd7 3. Bf4 Ngf6 4. e3 c6 5. c3 g6 6.
Bc4 Nb6 7. Bb3 Bg7 8. O-O O-O 9. Nbd2 Nh5 10. Bg5 Qc7 11. h3 e5 12. dxe5 dxe5
13. Ne4 Nd7 14. Be7 Re8 15. Bd6 1-0

[Event "SR 2. liga A 2006/2007"]
[Site "?"]
[Date "2007.01.13"]
[Round "7.7"]
[White "Zacik, Anton"]
[Black "Hebelka, Milos"]
[Result "1/2-1/2"]
[ECO "C68"]
[WhiteElo "2084"]
[BlackElo "2093"]
[Annotator "Karol,Pospichal"]
[PlyCount "29"]
[EventDate "2006.??.??"]
[TimeControl "240+2"]

{89MB, Fritz8.ctg, KAIKO} 1. e4 e5 2. Nf3 Nc6 3. Bb5 a6 4. Bxc6 dxc6 5. O-O Bg4
6. h3 Bxf3 7. Qxf3 Qf6 8. Qxf6 Nxf6 9. d3 Bc5 10. Be3 Bxe3 11. fxe3 Ke7 12. Nd2
Nd7 13. d4 f6 14. c3 a5 15. b3 1/2-1/2

[Event "SR 2. liga A 2006/2007"]
[Site "?"]
[Date "2007.01.13"]
[Round "7.8"]
[White "Milanov, Jasen"]
[Black "Beles, Milan"]
[Result "0-1"]
[ECO "A19"]
[WhiteElo "2017"]
[BlackElo "2094"]
[Annotator "Karol,Pospichal"]
[PlyCount "112"]
[EventDate "2006.??.??"]
[TimeControl "240+2"]

{89MB, Fritz8.ctg, KAIKO} 1. c4 c5 2. Nc3 Nf6 3. e4 e6 4. e5 Ng8 5. g3 d6 6.
Nf3 Nc6 7. exd6 Bxd6 8. Bg2 e5 9. O-O Nge7 10. Ne4 O-O 11. Nfg5 f5 12. Nxh7
fxe4 13. Nxf8 Qxf8 14. Bxe4 Bf5 15. f3 Qf7 16. b3 Rf8 17. Bb2 Bxe4 18. fxe4
Qxf1+ 19. Qxf1 Rxf1+ 20. Rxf1 Ng6 21. Bc3 Nf8 22. Kf2 Ne6 23. Kf3 Be7 24. h4
Bf6 25. Kg4 Kf7 26. Kh3 a6 27. g4 Nf4+ 28. Kg3 g5 29. h5 Bg7 30. Rb1 Bf8 31. a3
a5 32. Rh1 Kg7 33. Rb1 b6 34. Ra1 Bd6 35. Rb1 Ne6 36. Rf1 Be7 37. Rf5 Bf6 38.
h6+ Kg6 39. h7 Bg7 40. Rf1 Kxh7 41. Rf7 Ned8 42. Rd7 Kg8 43. b4 cxb4 44. axb4
axb4 45. Bxb4 Bf8 46. Bc3 Ne6 47. Rd5 Kf7 48. Bxe5 Nxe5 49. d4 Nxc4 50. Rf5+
Kg6 51. d5 Bd6+ 52. Kh3 Nf4+ 53. Kg3 Ne3 54. e5 Nxf5+ 55. gxf5+ Kxf5 56. exd6
Nh5+ 0-1

[Event "SR 2. liga A 2006/2007"]
[Site "?"]
[Date "2007.02.04"]
[Round "9.4"]
[White "Janos, Jozef"]
[Black "Gajarsky, Roman"]
[Result "1-0"]
[ECO "D02"]
[WhiteElo "2235"]
[BlackElo "2008"]
[Annotator "Janos"]
[PlyCount "105"]
[EventDate "2006.??.??"]
[TimeControl "180+3"]

{608MB, Junior8.ctg, JANOS-L1ZSMESHH} 1. d4 d5 2. Nf3 c6 3. Bf4 f5 4. e3 Nf6 5.
Nbd2 Ne4 6. Ne5 g6 7. Nxe4 fxe4 8. h4 Nd7 9. h5 Nxe5 10. Bxe5 Rg8 11. hxg6 hxg6
12. Qd2 $16 Be6 13. f3 Bg7 14. Bxg7 Rxg7 15. fxe4 Qb6 16. Qc3 O-O-O 17. exd5
Bxd5 18. O-O-O Rf7 19. Bd3 Bxg2 20. Rhg1 Rf2 21. Rd2 Rxd2 22. Qxd2 Bd5 23. b3
Rh8 24. Bxg6 $16 a5 25. e4 Be6 26. Rd1 a4 27. d5 axb3 28. axb3 Bg4 29. Re1 (29.
Qf4 $142 $1 Bxd1 30. Bf5+ e6 31. Bxe6+ Kd8 32. Qd6+ Ke8 33. Qd7+ Kf8 34. Qf7#)
29... Qc7 30. dxc6 bxc6 31. Qg5 $18 Be6 32. Bf5 Bxf5 33. Qxf5+ Kb8 34. Rd1 Rd8
35. Rxd8+ Qxd8 36. Qe5+ Kc8 37. Kb2 Qd7 38. Kc3 Qb7 39. Qe6+ Kd8 40. Qc4 Kc7
41. Qc5 $18 Kd7 42. Qf5+ Kd8 43. Qe6 (43. b4 $142) 43... Qb5 44. Qf5 Qb6 45.
Qe5 Ke8 46. Qh8+ Kf7 47. Qh5+ Kf8 48. Kd3 Qa6+ 49. Ke3 Qb6+ 50. Kf3 Qa6 51. Qh3
Ke8 52. Kf4 Kd8 53. Qd3+ 1-0

[Event "SR 2. liga A 2006/2007"]
[Site "?"]
[Date "2007.04.01"]
[Round "10"]
[White "Biro, Karol"]
[Black "Eged, Igor"]
[Result "1-0"]
[ECO "C27"]
[WhiteElo "2329"]
[BlackElo "2171"]
[PlyCount "107"]
[EventDate "2006.??.??"]
[TimeControl "40/300+5:40/300:40/300"]

{96MB, Fritz8.ctg, MITULIAK-C350F7} 1. e4 e5 2. Nc3 d6 3. Bc4 Nf6 4. Bb3 Nc6 5.
Nge2 Bd7 6. d4 Na5 7. O-O Nxb3 8. axb3 Be7 9. f3 O-O 10. Be3 a6 11. Qd2 Kh8 12.
Rfd1 Qe8 13. dxe5 dxe5 14. Nd5 Nxd5 15. Qxd5 Bd6 16. c4 Bc6 17. Qd2 Qe7 18. Nc3
Bb4 19. Qf2 Bxc3 20. Bc5 Qe6 21. Bxf8 Bd4 22. Rxd4 exd4 23. Bc5 d3 24. Rd1 f5
25. e5 Qxe5 26. Rxd3 Re8 27. Bd4 Qe1+ 28. Qxe1 Rxe1+ 29. Kf2 Re7 30. Bc3 Rd7
31. Re3 Kg8 32. Re8+ Kf7 33. Rc8 Ke6 34. h4 g6 35. Kg3 Re7 36. Bb4 Rf7 37. Kf4
Kd7 38. Rh8 b6 39. Kg5 Ke6 40. Bd2 Bd7 41. Bf4 Bc6 42. Kh6 b5 43. Rxh7 Rxh7+
44. Kxh7 Kf7 45. Bxc7 Be8 46. Kh6 Kf6 47. Bd8+ Kf7 48. Kg5 Ke6 49. Ba5 Ke5 50.
g4 fxg4 51. Bc3+ Kd6 52. fxg4 bxc4 53. bxc4 Kc5 54. b3 1-0

[Event "SR 2. liga A 2006/2007"]
[Site "?"]
[Date "2007.04.01"]
[Round "10"]
[White "Hebelka, Milos"]
[Black "Hricak, Vasil"]
[Result "1-0"]
[ECO "B33"]
[WhiteElo "2116"]
[BlackElo "2043"]
[PlyCount "80"]
[EventDate "2006.??.??"]
[TimeControl "40/300+5:40/300:40/300"]

1. e4 c5 2. Nf3 Nc6 3. d4 cxd4 4. Nxd4 Nf6 5. Nc3 e5 6. Ndb5 d6 7. Bg5 a6 8.
Bxf6 gxf6 9. Na3 b5 10. Nd5 Bg7 11. c3 f5 12. Bd3 f4 13. Nc2 O-O 14. Qh5 Ne7
15. Nxe7+ Qxe7 16. Nb4 Be6 17. O-O Qd7 18. h3 a5 19. Nc2 f5 20. Rfd1 Rad8 21.
Qe2 Qb7 22. Ne1 fxe4 23. Qxe4 Qxe4 24. Bxe4 d5 25. Bd3 Rb8 26. f3 b4 27. cxb4
Rxb4 28. Rab1 e4 29. Bc2 exf3 30. Nxf3 Rxb2 31. Rxb2 Bxb2 32. Bb3 Rf5 33. h4 h6
34. Rd2 Bc1 35. Rc2 Be3+ 36. Kf1 Kf7 37. Ke2 Kf6 38. g4 fxg3 39. Kxe3 d4+ 40.
Nxd4 Bxb3 1-0

[Event "SR 2. liga A 2006/2007"]
[Site "?"]
[Date "2007.04.01"]
[Round "10"]
[White "Janos, Jozef"]
[Black "Bednar, Miroslav"]
[Result "1-0"]
[ECO "D27"]
[WhiteElo "2235"]
[BlackElo "2102"]
[PlyCount "77"]
[EventDate "2006.??.??"]
[TimeControl "40/300+5:40/300:40/300"]

1. d4 d5 2. Nf3 Nf6 3. c4 dxc4 4. Nc3 e6 5. e3 c5 6. Bxc4 a6 7. O-O b5 8. Be2
Bb7 9. b3 Nbd7 10. Bb2 Bd6 11. a4 b4 12. Nb1 O-O 13. Nbd2 Rc8 14. Nc4 Bb8 15.
Nfe5 Nxe5 16. dxe5 Nd5 17. Qc2 Qg5 18. g3 f5 19. f4 Qe7 20. Bf3 g5 21. Rac1 g4
22. Bg2 Rcd8 23. Rfe1 Ba7 24. Qe2 Ba8 25. e4 Nc7 26. exf5 exf5 27. Bxa8 Rxa8
28. Rcd1 Ne6 29. Qg2 Rac8 30. Rd6 Rfd8 31. Qd5 Kf7 32. Rd1 Bb8 33. Rxd8 Rxd8
34. Nd6+ Kg6 35. Qd3 Bxd6 36. exd6 Qb7 37. Re1 Nd4 38. Bxd4 Rxd6 39. Re5 1-0

[Event "SR 2. liga A 2006/2007"]
[Site "?"]
[Date "2007.04.01"]
[Round "10"]
[White "Kolar, Tomas"]
[Black "Mikulas, Dusan"]
[Result "1/2-1/2"]
[ECO "C87"]
[WhiteElo "2042"]
[BlackElo "2167"]
[PlyCount "141"]
[EventDate "2006.??.??"]
[TimeControl "40/300+5:40/300:40/300"]

1. e4 e5 2. Nf3 Nc6 3. Bb5 a6 4. Ba4 Nf6 5. d4 exd4 6. O-O d6 7. Nxd4 Bd7 8.
Bxc6 bxc6 9. Re1 Be7 10. c4 O-O 11. Nc3 Re8 12. b3 h6 13. f4 Bf8 14. Kh1 Ng4
15. Qd2 d5 16. Nd1 dxe4 17. Ne3 c5 18. Ndc2 Bd6 19. g3 Qf6 20. Rb1 Qg6 21. Bb2
Rad8 22. Rbd1 Nf6 23. Qf2 Bg4 24. Rd2 Bf3+ 25. Kg1 Bxf4 26. Rxd8 Rxd8 27. Bxf6
gxf6 28. Nd5 Bd6 29. Nce3 Kh7 30. Ng2 c6 31. Nh4 Qg7 32. Ne3 Qg5 33. Nxf3 exf3
34. Qxf3 Re8 35. Nc2 Be5 36. Qe3 Qg7 37. Kg2 Qg6 38. Qd2 Re6 39. Qf2 Rd6 40.
Re2 Qd3 41. Re3 Qd1 42. Re1 Qg4 43. Ne3 Qe4+ 44. Kh3 Kg6 45. Ng4 Qd4 46. Qc2+
Kg7 47. Qf5 Qd2 48. Re4 Qg5 49. Qxg5+ hxg5 50. Nxe5 Re6 51. Kg4 fxe5 52. Kxg5
Rd6 53. Kf5 f6 54. g4 Rd2 55. g5 Rf2+ 56. Ke6 fxg5 57. Rxe5 Kg6 58. Rxc5 Rxh2
59. Rxc6 Rxa2 60. Ke5+ Kh5 61. c5 g4 62. Rc8 g3 63. Rh8+ Kg4 64. Rg8+ Kf3 65.
c6 Rc2 66. Kd6 Rd2+ 67. Ke5 Rc2 68. Kd6 Rd2+ 69. Ke7 Re2+ 70. Kd8 Rd2+ 71. Kc8
1/2-1/2

[Event "SR 2. liga A 2006/2007"]
[Site "?"]
[Date "2007.04.01"]
[Round "10"]
[White "Kralovic, Andrej"]
[Black "Fabry, Robert"]
[Result "1/2-1/2"]
[ECO "C47"]
[WhiteElo "2098"]
[BlackElo "2206"]
[PlyCount "71"]
[EventDate "2006.??.??"]
[TimeControl "40/300+5:40/300:40/300"]

{96MB, Fritz8.ctg, MITULIAK-C350F7} 1. e4 {0} e5 (1... c5 ) 2.
Nf3 Nc6 3. Nc3 Nf6 4. d4 exd4 5. Nxd4 Bb4 6. Nxc6 bxc6 7. Bd3 d5 8. exd5 cxd5
9. O-O O-O 10. Bg5 c6 11. Na4 Be7 12. c3 Qd6 13. Bh4 Ng4 14. Bg3 Qf6 15. h3 Nh6
16. Re1 Nf5 17. Be5 Qg5 18. Qg4 h5 19. Qxg5 Bxg5 20. Nc5 Be7 21. Na6 Bxa6 22.
Bxa6 Bd6 23. Bb7 Rab8 24. Bxc6 Rxb2 25. Bxd6 Nxd6 26. Bxd5 Rc8 27. c4 Kf8 28.
Rac1 Rc5 29. a3 Nc8 30. Re5 g6 31. Rce1 Nb6 32. Re7 Nxd5 33. cxd5 Rxd5 34. Rxa7
Rdd2 35. Rf1 Ra2 36. h4 1/2-1/2

[Event "SR 2. liga A 2006/2007"]
[Site "?"]
[Date "2007.04.01"]
[Round "10"]
[White "Milanov, Jasen"]
[Black "Vimmer, Michal"]
[Result "1-0"]
[ECO "A25"]
[WhiteElo "1985"]
[BlackElo "2015"]
[PlyCount "107"]
[EventDate "2006.??.??"]
[TimeControl "40/300+5:40/300:40/300"]

1. c4 e5 2. Nc3 Nc6 3. g3 Nf6 4. Bg2 Bc5 5. e3 O-O 6. a3 a5 7. Nge2 d6 8. O-O
Bg4 9. h3 Bh5 10. Kh2 Re8 11. d3 Qc8 12. Rb1 Bg6 13. b3 Qf5 14. e4 Qc8 15. Nb5
h6 16. Bb2 Nh7 17. f4 f6 18. Nec3 Nd4 19. Nxd4 Bxd4 20. Nb5 Bxb2 21. Rxb2 Nf8
22. Rd2 Rd8 23. h4 c6 24. Nc3 Qc7 25. f5 Bf7 26. d4 Nd7 27. d5 c5 28. Bf3 Nb6
29. a4 Kf8 30. Nb5 Qe7 31. Bh5 Rd7 32. Rg2 Qe8 33. Bxf7 Qxf7 34. g4 Ke7 35. Qd2
Nc8 36. Rfg1 Na7 37. Qxa5 b6 38. Qc3 Nxb5 39. cxb5 Rf8 40. Ra1 g5 41. fxg6 Qxg6
42. Qf3 Rg8 43. Qf5 Qf7 44. a5 bxa5 45. Rxa5 Rb8 46. Rga2 Kd8 47. Ra8 Kc8 48.
R8a5 Kd8 49. Ra8 Kc8 50. R8a5 Kc7 51. Ra7+ Rb7 52. R2a6 Kb8 53. Ra8+ Kc7 54.
Rc6# 1-0

[Event "SR 2. liga A 2006/2007"]
[Site "?"]
[Date "2007.04.01"]
[Round "10"]
[White "Prielozny, Marek"]
[Black "Kuna, Vladimir"]
[Result "1-0"]
[ECO "D02"]
[WhiteElo "1963"]
[BlackElo "2093"]
[PlyCount "43"]
[EventDate "2006.??.??"]
[TimeControl "40/300+5:40/300:40/300"]

1. d4 d5 2. Nf3 Nf6 3. Bf4 e6 4. e3 Be7 5. Bd3 O-O 6. Nbd2 Nbd7 7. Ne5 c5 8. c3
Nxe5 9. dxe5 Ne8 10. Nf3 f6 11. exf6 Bxf6 12. h4 e5 13. Nxe5 Qe7 14. Bxh7+ Kxh7
15. Qh5+ Kg8 16. Ng6 Qe4 17. Qh8+ Kf7 18. Qxf8+ Kxg6 19. h5+ Kh7 20. h6 g5 21.
Qf7+ Kh8 22. h7 1-0

[Event "SR 2. liga A 2006/2007"]
[Site "?"]
[Date "2007.04.01"]
[Round "10"]
[White "Smolen, Jan"]
[Black "Tepper, Frantisek"]
[Result "1-0"]
[ECO "C42"]
[WhiteElo "2329"]
[BlackElo "2171"]
[PlyCount "57"]
[EventDate "2006.??.??"]
[TimeControl "40/300+5:40/300:40/300"]

{96MB, Fritz8.ctg, MITULIAK-C350F7} 1. e4 e5 2. Nf3 Nf6 3. Bc4 Nxe4 4. Nc3 Nd6
5. Bb3 e4 6. Qe2 Qe7 7. Nd4 Qe5 8. Qe3 Be7 9. Nd5 c5 10. Nf3 Qf5 11. d3 Bd8 12.
Nd2 O-O 13. dxe4 Qg5 14. O-O b6 15. h3 Qh4 16. Re1 Re8 17. e5 Nc6 18. Nf3 Qh5
19. Nf4 Qh6 20. Qd3 Nb7 21. Qd5 Rf8 22. e6 fxe6 23. Nxe6 dxe6 24. Qxc6 Qg6 25.
Bd2 Rb8 26. Bc3 Na5 27. Bxe6+ Bxe6 28. Qxe6+ Qxe6 29. Rxe6 1-0

[Event "SR 2. liga A 2006/2007"]
[Site "?"]
[Date "2007.04.01"]
[Round "11"]
[White "Adamcik, Tomas"]
[Black "Koutny, Pavel"]
[Result "1/2-1/2"]
[ECO "A01"]
[WhiteElo "1964"]
[BlackElo "1876"]
[PlyCount "72"]
[EventDate "2006.??.??"]
[TimeControl "40/300+5:40/300:40/300"]

1. b3 e5 2. Bb2 Nc6 3. e3 Nf6 4. Bb5 d6 5. h3 Bd7 6. d3 a6 7. Bxc6 Bxc6 8. e4
Be7 9. Ne2 O-O 10. Ng3 Bd7 11. Nc3 c6 12. Nce2 Ne8 13. Nf5 Bxf5 14. exf5 Qd7
15. g4 b5 16. h4 Qc7 17. Ng3 d5 18. g5 f6 19. Qh5 Bb4+ 20. c3 Ba5 21. b4 Bb6
22. g6 h6 23. O-O e4 24. d4 a5 25. a3 e3 26. Qf3 exf2+ 27. Qxf2 Nd6 28. Bc1
axb4 29. cxb4 Qa7 30. Bb2 Rfe8 31. Rfe1 Ne4 32. Nxe4 Rxe4 33. Rxe4 dxe4 34. Qe3
Re8 35. Re1 Qd7 36. Rf1 Qd5 1/2-1/2

[Event "SR 2. liga A 2006/2007"]
[Site "?"]
[Date "2007.04.01"]
[Round "11"]
[White "Chovanec, Vladimir"]
[Black "Hricak, Vasil"]
[Result "0-1"]
[ECO "D02"]
[WhiteElo "2070"]
[BlackElo "2043"]
[PlyCount "80"]
[EventDate "2006.??.??"]
[TimeControl "40/300+5:40/300:40/300"]

1. Nf3 {0} d5 2. g3 Nc6 3. d4 Bg4 4. Bg2 Qd7 5. Bf4 h6 6. c4 e6 7. cxd5 exd5 8.
Nc3 g5 9. Be3 O-O-O 10. Qa4 Kb8 11. Rc1 Nge7 12. h3 Be6 13. b4 Ng6 14. b5 Nce7
15. Bd2 f5 16. Qc2 Bg7 17. Na4 b6 18. Bb4 g4 19. Bxe7 Nxe7 20. hxg4 fxg4 21.
Ne5 Bxe5 22. dxe5 Bf5 23. Qb2 Be4 24. O-O Bxg2 25. Kxg2 h5 26. Rh1 d4 27. Qb3
Qf5 28. Qd3 Qxe5 29. Nb2 Qd5+ 30. f3 Nf5 31. Nc4 gxf3+ 32. exf3 Rdg8 33. Rh3
Rg7 34. Re1 Qxb5 35. Re5 Ne3+ 36. Kf2 Qxc4 37. Qxc4 Nxc4 38. Rexh5 Rxh5 39.
Rxh5 Re7 40. g4 d3 0-1

[Event "SR 2. liga A 2006/2007"]
[Site "?"]
[Date "2007.04.01"]
[Round "11"]
[White "Hoferek, Peter"]
[Black "Vimmer, Michal"]
[Result "1/2-1/2"]
[ECO "B33"]
[WhiteElo "1914"]
[BlackElo "1985"]
[PlyCount "45"]
[EventDate "2006.??.??"]
[TimeControl "40/300+5:40/300:40/300"]

1. e4 c5 2. Nf3 Nc6 3. d4 cxd4 4. Nxd4 Nf6 5. Nxc6 bxc6 6. Bd3 g6 7. O-O Bg7 8.
c3 O-O 9. Be3 Qc7 10. Nd2 Rb8 11. Rb1 d6 12. f3 Be6 13. Bc4 Bxc4 14. Nxc4 d5
15. exd5 cxd5 16. Nd2 Qa5 17. a3 Rfe8 18. Nb3 Qc7 19. Nc5 Rb5 20. b4 Qc6 21. a4
Rbb8 22. b5 Qd6 23. Na6 1/2-1/2

[Event "SR 2. liga A 2006/2007"]
[Site "?"]
[Date "2007.04.01"]
[Round "11"]
[White "Kolar, Tomas"]
[Black "Stefan, Oldrich"]
[Result "1-0"]
[ECO "B63"]
[WhiteElo "2042"]
[BlackElo "2965"]
[PlyCount "113"]
[EventDate "2006.??.??"]
[TimeControl "40/300+5:40/300:40/300"]

1. e4 c5 2. Nf3 Nc6 3. d4 cxd4 4. Nxd4 Nf6 5. Nc3 d6 6. Bg5 e6 7. Qd2 Be7 8.
O-O-O Bd7 9. Ndb5 Qa5 10. f4 O-O-O 11. Nxd6+ Bxd6 12. Qxd6 Be8 13. Qa3 Rxd1+
14. Kxd1 Qxa3 15. bxa3 Ng4 16. Kd2 f6 17. Bh4 Bg6 18. h3 Nh6 19. Bd3 e5 20. f5
Bf7 21. Rd1 Rd8 22. Kc1 Na5 23. Bf2 Kb8 24. Bb5 Rxd1+ 25. Kxd1 Nc4 26. Bc5 Ng8
27. Nd5 Nb6 28. Nxb6 axb6 29. Bxb6 Bxa2 30. Ba4 Kc8 31. Bb3 Bxb3 32. cxb3 Kd7
33. Bc5 g6 34. g4 gxf5 35. gxf5 Nh6 36. Kd2 Nf7 37. Be3 Nd6 38. Kd3 Kc6 39. Bh6
Kd7 40. a4 Ke7 41. b4 Kd7 42. Be3 Ke8 43. a5 Kd7 44. h4 h5 45. Bc5 Nb5 46. Kc4
Na3+ 47. Kd3 Nb5 48. Be3 Kc6 49. Bh6 Kd7 50. Kc4 Nd4 51. b5 Nf3 52. Bg7 Nxh4
53. Bxf6 Nf3 54. Kd5 h4 55. Bxh4 Nxh4 56. Kxe5 Nf3+ 57. Kd5 1-0

[Event "SR 2. liga A 2006/2007"]
[Site "?"]
[Date "2007.04.01"]
[Round "11"]
[White "Kralovic, Andrej"]
[Black "Hrivnak, Martin"]
[Result "1-0"]
[ECO "B32"]
[WhiteElo "2098"]
[BlackElo "2219"]
[PlyCount "71"]
[EventDate "2006.??.??"]
[TimeControl "40/300+5:40/300:40/300"]

1. e4 c5 2. Nf3 Nc6 3. d4 cxd4 4. Nxd4 e5 5. Nb5 a6 6. Nd6+ Bxd6 7. Qxd6 Qf6 8.
Qd1 Nge7 9. Nc3 O-O 10. Be3 d6 11. Qd2 h6 12. O-O-O Be6 13. Nd5 Bxd5 14. exd5
Nb8 15. g4 Qg6 16. Qb4 b5 17. Bd3 a5 18. Qxb5 e4 19. Be2 Rd8 20. h4 Nd7 21. Bb6
Nxb6 22. Qxb6 Rab8 23. Qe3 Qf6 24. c3 Qe5 25. Rd4 f5 26. f4 exf3 27. Qxf3 Rdc8
28. Rhd1 fxg4 29. Rxg4 Nf5 30. Re4 Qf6 31. Rf4 g6 32. h5 Qg5 33. hxg6 Ng3 34.
Rd2 Rf8 35. Rf7 Rfe8 36. Rg7+ 1-0

[Event "SR 2. liga A 2006/2007"]
[Site "?"]
[Date "2007.04.01"]
[Round "11"]
[White "Lauf, Pavol"]
[Black "Bednar, Miroslav"]
[Result "1-0"]
[ECO "A21"]
[WhiteElo "2111"]
[BlackElo "2102"]
[PlyCount "45"]
[EventDate "2006.??.??"]
[TimeControl "40/300+5:40/300:40/300"]

1. c4 e5 2. g3 g6 3. Bg2 Bg7 4. Nc3 Ne7 5. Nf3 c6 6. d4 f6 7. O-O O-O 8. dxe5
fxe5 9. c5 Na6 10. Ne4 Nd5 11. a3 b6 12. b4 bxc5 13. bxc5 Rb8 14. Qc2 Rb5 15.
Bd2 Qe7 16. Rac1 Nac7 17. Nd6 Rb8 18. e4 Nf6 19. Rfd1 Ba6 20. Bc3 Ng4 21. h3
Nh6 22. Qd2 Rb3 23. Qa2 1-0